Predators vs Oilers

Created - 19 février 2016 at 21:27

Goals
1 2 3 T
Predators 0 0 1 1
Oilers 1 1 1 3
Shots
1 2 3 T
Predators 14 11 9 34
Oilers 10 14 5 29

1st period

1. Oilers , Jonathan Toews 18 (Zach Bogosian, Patrick Kane) at 1:47

Penalties :
Paul Stastny (Edm) for Holding (Minor) at 9:02, Kurt Sauer (Edm) for Holding (Minor) at 11:18, James Van Riemsdyk (Nas) for Interference (Minor) at 13:52, Danny Richmond (Edm) for Hooking (Minor) at 17:17

2nd period

2. Oilers , Peter Regin 10 (Danny Richmond, Oleg Saprykin) at 13:32

Penalties :
Brett Clark (Nas) for Roughing (Minor) at 3:40, John Moore (Nas) for Hooking (Minor) at 6:44

3rd period

3. Predators , Erik Rasmussen 8 (Jeremy Williams, Eric Nystrom) at 6:12
4. Oilers , Zach Bogosian 2 (Patrick Kane) at 19:14 (Empty Net)

Penalties :
Peter Regin (Edm) for High sticking (Minor) at 6:15, Ted Purcell (Edm) for Roughing (Minor) at 10:35, Joe Thornton (Nas) for Interference (Minor) at 19:36

Goalie Stats

Maxime Daigneault (Nas), 26 saves from 28 shots - (0,929), L, 19-13-4, 59:00 minutes
Cam Ward (Edm), 33 saves from 34 shots - (0,971), W, 21-17-3, 60:00 minutes

Players Stats for Predators

Player Name              G  A  P  +/- PIM S  H  SB GA TA FO     MP     PP MP  PK MP  
------------------------------------------------------------------------------------
Adam Burish              0  0  0  -2  0   3  2  1  0  1  1/2    19:56   5:21   1:32 
Alexander Ovechkin       0  0  0  -2  0   2  0  1  2  1  0/1    22:52   5:27   4:15 
Alexander Steen          0  0  0   0  0   5  0  0  0  0  0/0    16:50   4:19   0:22 
Andrei Markov            0  0  0   0  0   0  3  2  0  2  0/0    16:38   4:33   0:00 
Barret Jackman           0  0  0   0  0   0  0  1  0  2  0/0    14:31   0:00   2:06 
Brett Clark              0  0  0   0  2   3  2  1  1  0  0/0    19:17   4:33   1:18 
Chris Lawrence           0  0  0   0  0   3  0  1  0  0  0/0    10:15   0:15   0:00 
Christian Ehrhoff        0  0  0  -2  0   0  2  2  0  0  0/0    27:43   5:22   4:14 
Eric Nystrom             0  1  1   0  0   0  1  0  0  0  2/2     9:58   0:00   1:32 
Erik Rasmussen           1  0  1   0  0   3  2  0  0  0  3/5     9:38   0:09   0:50 
James Van Riemsdyk       0  0  0   0  2   4  1  0  0  1  0/0    10:22   0:09   0:00 
Jeremy Williams          0  1  1   0  0   0  0  0  0  0  0/0     8:19   0:00   0:00 
Joe Thornton             0  0  0  -1  2   5  0  0  0  0  8/19   17:48   5:27   0:00 
John Moore               0  0  0   0  2   0  1  0  0  1  0/0    13:29   0:00   0:00 
Josef Vasicek            0  0  0  -1  0   2  1  1  2  0  12/26  21:11   4:19   4:09 
Kris Vernarsky           0  0  0   0  0   1  0  0  0  0  2/4     9:54   0:00   0:00 
Ryan Mcdonagh            0  0  0  -2  0   3  0  1  0  0  0/0    28:41   5:22   5:02 
Vaclav Varada            0  0  0   0  0   0  0  0  0  0  0/3    16:14   4:19   0:00 

Players Stats for Oilers

Player Name              G  A  P  +/- PIM S  H  SB GA TA FO     MP     PP MP  PK MP  
------------------------------------------------------------------------------------
Brian Sutherby           0  0  0   0  0   2  1  2  0  0  6/9    10:48   0:00   4:23 
Danny Richmond           0  1  1  -1  2   1  3  0  1  0  0/0    22:26   2:40   4:24 
David Hale               0  0  0  -1  0   0  0  0  0  0  0/0    16:45   0:00   1:45 
Ian White                0  0  0   1  0   5  4  2  2  1  0/0    24:42   3:40   4:20 
Ilya Kovalchuk           0  0  0   0  0   5  0  1  1  0  0/2    21:28   3:11   5:17 
Jonathan Toews           1  0  1   2  0   2  1  1  2  0  9/19   18:38   3:09   0:00 
Kurt Sauer               0  0  0   2  2   1  1  2  0  0  0/0    20:25   3:40   4:14 
Oleg Saprykin            0  1  1   1  0   0  2  0  0  0  0/0    14:04   0:00   4:32 
Patrick Kaleta           0  0  0   1  0   0  1  0  1  0  0/0     9:06   0:00   0:00 
Patrick Kane             0  2  2   2  0   2  2  0  0  1  2/2    18:38   3:09   0:00 
Paul Stastny             0  0  0  -1  2   1  1  0  0  1  11/17  15:18   3:11   0:00 
Peter Regin              1  0  1   1  2   4  0  0  1  0  6/11   13:20   0:00   3:56 
Rob Scuderi              0  0  0   1  0   0  2  1  0  0  0/0    20:22   0:00   4:20 
Steve Begin              0  0  0   0  0   1  0  0  0  0  0/0     8:19   0:00   1:36 
Ted Purcell              0  0  0  -1  2   1  0  0  0  1  0/0    15:39   3:11   0:00 
Tomas Fleischmann        0  0  0   1  0   1  2  3  0  0  0/2    18:16   3:09   0:06 
Wayne Simmonds           0  0  0   0  0   2  1  0  0  0  0/0     6:12   0:00   0:00 
Zach Bogosian            1  1  2   2  0   1  0  1  0  1  0/0    15:34   2:40   0:47 

3 Stars

1 - Cam Ward (Edm)
2 - Zach Bogosian (Edm)
3 - Patrick Kane (Edm)

Power Play

Predators - 0 on 5 Attempt(s) - 0,00%
Oilers - 0 on 4 Attempt(s) - 0,00%

Penalty Kill

Predators - 4 on 4 Attempt(s) - 100,00% - Score 0 goal in Penalty Kill
Oilers - 5 on 5 Attempt(s) - 100,00% - Score 0 goal in Penalty Kill

Team Stat

Predators - Hits : 15 - Faceoff Wins : 28 - Blocked Shots : 11 - Penalty Minutes : 8
Oilers - Hits : 21 - Faceoff Wins : 34 - Blocked Shots : 13 - Penalty Minutes : 10

Official

Referees : Kowal Tom and Martell Rob
Linesman : Mark Pare and Tony Sericolo

Game Notes

1:47 of 1st period - Oilers goal is going for a video replay. After video review, Goal.
Zach Bogosian has scored in a empty net!

Finance

Level 1 -- Attendance: 6000 (100,00%) -- Ticket Income 516 000 $
Level 2 -- Attendance: 5000 (100,00%) -- Ticket Income 260 000 $
Level 3 -- Attendance: 2000 (100,00%) -- Ticket Income 64 000 $
Level 4 -- Attendance: 3617 (90,43%) -- Ticket Income 79 574 $
Luxury Box -- Attendance: 1000 (100,00%) -- Ticket Income 168 000 $
Game was played at the Rexall Place.
Total Attendance: 17617 (97,87%)
Total Ticket Income: 1 087 574 $
Other Income: 163 136 $
Total Income: 1 250 710 $

Predators

5 vs 5 Forward 
   Center                   Left Wing                Right Wing               Time % Phy DF OF 
 1 Josef Vasicek            Alexander Ovechkin       Adam Burish              40     1   2  2  
 2 Joe Thornton             Alexander Steen          Vaclav Varada            33     1   2  2  
 3 Kris Vernarsky           James Van Riemsdyk       Chris Lawrence           15     1   2  2  
 4 Erik Rasmussen           Eric Nystrom             Jeremy Williams          12     1   2  2  

5 vs 5 Defense 
   Defense                  Defense                                           Time % Phy DF OF 
 1 Christian Ehrhoff        Ryan Mcdonagh                                     40     1   2  2  
 2 John Moore               Brett Clark                                       30     1   2  2  
 3 Andrei Markov            Barret Jackman                                    20     1   2  2  
 4 Christian Ehrhoff        Ryan Mcdonagh                                     10     1   2  2  

PowerPlay Forward 
   Center                   Left Wing                Right Wing               Time % Phy DF OF 
 1 Joe Thornton             Alexander Ovechkin       Adam Burish              60     2   1  2  
 2 Josef Vasicek            Alexander Steen          Vaclav Varada            40     1   1  3  

PowerPlay Defense
   Defense                  Defense                                           Time % Phy DF OF 
 1 Christian Ehrhoff        Ryan Mcdonagh                                     60     1   1  3  
 2 Andrei Markov            Brett Clark                                       40     1   1  3  

Penalty Kill 4 Players Forward 
   Center                   Wing                     Time % Phy DF OF 
 1 Josef Vasicek            Alexander Ovechkin       60     1   2  2  
 2 Eric Nystrom             Adam Burish              40     1   2  2  

Penalty Kill 4 Players Defense
   Defense                  Defense                  Time % Phy DF OF 
 1 Christian Ehrhoff        Ryan Mcdonagh            60     1   2  2  
 2 Brett Clark              Barret Jackman           40     1   2  2  

Penalty Kill - 3 Players Forward 
   Forward                                           Time % Phy DF OF 
 1 Josef Vasicek                                     60     1   2  2  
 2 Eric Nystrom                                      40     1   2  2  

Penalty Kill - 3 Players Defense
   Defense                  Defense                  Time % Phy DF OF 
 1 Christian Ehrhoff        Ryan Mcdonagh            60     1   2  2  
 2 Brett Clark              Barret Jackman           40     1   2  2  

4 vs 4 Forward 
   Center                   Wing                     Time % Phy DF OF 
 1 Alexander Ovechkin       Adam Burish              60     1   2  2  
 2 Josef Vasicek            Alexander Steen          40     1   2  2  

4 vs 4 Defense
   Defense                  Defense                  Time % Phy DF OF 
 1 Christian Ehrhoff        Ryan Mcdonagh            55     1   2  2  
 2 Andrei Markov            Brett Clark              45     1   2  2  

Last Minutes Offensive
   Center                   Left Wing                Right Wing               Defense                  Defense                  
   Joe Thornton             Alexander Ovechkin       Adam Burish              Christian Ehrhoff        Ryan Mcdonagh            

Last Minutes Defensive
   Center                   Left Wing                Right Wing               Defense                  Defense                  
   Joe Thornton             Alexander Ovechkin       Adam Burish              Brett Clark              Ryan Mcdonagh            

Goaltenders
Starting : Maxime Daigneault        
Backup : Steve Mason              

Extra Forwards
Normal : Alexander Steen, Alexander Ovechkin, Josef Vasicek - PP : Alexander Steen, Josef Vasicek - PK : Erik Rasmussen
Extra Defensemen
Normal : Barret Jackman, Ryan Mcdonagh, Christian Ehrhoff - PP : Ryan Mcdonagh - PK : Brett Clark, Ryan Mcdonagh
Penalty Shots
Alexander Ovechkin, Joe Thornton, Alexander Steen, Josef Vasicek, Christian Ehrhoff

Oilers

5 vs 5 Forward 
   Center                   Left Wing                Right Wing               Time % Phy DF OF 
 1 Jonathan Toews           Tomas Fleischmann        Patrick Kane             38     1   2  2  
 2 Paul Stastny             Ilya Kovalchuk           Ted Purcell              37     1   2  2  
 3 Peter Regin              Oleg Saprykin            Patrick Kaleta           15     1   2  2  
 4 Brian Sutherby           Steve Begin              Wayne Simmonds           10     1   2  2  

5 vs 5 Defense 
   Defense                  Defense                                           Time % Phy DF OF 
 1 Ian White                Rob Scuderi                                       35     1   2  2  
 2 Danny Richmond           David Hale                                        34     1   2  2  
 3 Kurt Sauer               Zach Bogosian                                     26     1   2  2  
 4 Ian White                Kurt Sauer                                        5      1   2  2  

PowerPlay Forward 
   Center                   Left Wing                Right Wing               Time % Phy DF OF 
 1 Jonathan Toews           Tomas Fleischmann        Patrick Kane             50     0   2  3  
 2 Paul Stastny             Ilya Kovalchuk           Ted Purcell              50     0   2  3  

PowerPlay Defense
   Defense                  Defense                                           Time % Phy DF OF 
 1 Ian White                Kurt Sauer                                        50     1   2  2  
 2 Danny Richmond           Zach Bogosian                                     50     1   2  2  

Penalty Kill 4 Players Forward 
   Center                   Wing                     Time % Phy DF OF 
 1 Peter Regin              Ilya Kovalchuk           50     1   3  1  
 2 Brian Sutherby           Oleg Saprykin            50     1   3  1  

Penalty Kill 4 Players Defense
   Defense                  Defense                  Time % Phy DF OF 
 1 Ian White                Rob Scuderi              50     1   3  1  
 2 Danny Richmond           Kurt Sauer               50     1   3  1  

Penalty Kill - 3 Players Forward 
   Forward                                           Time % Phy DF OF 
 1 Ilya Kovalchuk                                    50     1   4  0  
 2 Jonathan Toews                                    50     1   4  0  

Penalty Kill - 3 Players Defense
   Defense                  Defense                  Time % Phy DF OF 
 1 Ian White                Rob Scuderi              50     1   4  0  
 2 Danny Richmond           Kurt Sauer               50     1   4  0  

4 vs 4 Forward 
   Center                   Wing                     Time % Phy DF OF 
 1 Paul Stastny             Ilya Kovalchuk           50     1   2  2  
 2 Jonathan Toews           Patrick Kane             50     1   2  2  

4 vs 4 Defense
   Defense                  Defense                  Time % Phy DF OF 
 1 Ian White                Rob Scuderi              50     1   2  2  
 2 Danny Richmond           Kurt Sauer               50     1   2  2  

Last Minutes Offensive
   Center                   Left Wing                Right Wing               Defense                  Defense                  
   Jonathan Toews           Ilya Kovalchuk           Patrick Kane             Danny Richmond           Ian White                

Last Minutes Defensive
   Center                   Left Wing                Right Wing               Defense                  Defense                  
   Jonathan Toews           Ilya Kovalchuk           Patrick Kane             Danny Richmond           Ian White                

Goaltenders
Starting : Cam Ward                 
Backup : Sebastien Caron          

Extra Forwards
Normal : Ilya Kovalchuk, Patrick Kane, Jonathan Toews - PP : Wayne Simmonds, Oleg Saprykin - PK : Steve Begin
Extra Defensemen
Normal : Zach Bogosian, Rob Scuderi, Ian White - PP : David Hale - PK : David Hale, Zach Bogosian
Penalty Shots
Patrick Kane, Ilya Kovalchuk, Jonathan Toews, Paul Stastny, Tomas Fleischmann

% Time on Ice - Predators

Lines # - Real PCT - Wanted PCT - Time Play
Normal Forward
1 - 30% - 40% - 13:02
2 - 28% - 33% - 12:02
3 - 23% - 15% - 9:54
4 - 19% - 12% - 8:19
Normal Defense
1 - 38% - 40% - 16:20
2 - 32% - 30% - 13:46
3 - 27% - 20% - 11:52
4 - 3% - 10% - 1:19
PP Forward
1 - 56% - 60% - 5:36
2 - 44% - 40% - 4:19
PP Defense
1 - 54% - 60% - 5:22
2 - 46% - 40% - 4:33
PK Forward
1 - 76% - 60% - 4:48
2 - 24% - 40% - 1:32
PK Defense
1 - 67% - 60% - 4:14
2 - 33% - 40% - 2:06
PK3 Forward
1 - 0% - 60%
2 - 0% - 40%
PK3 Defense
1 - 0% - 60%
2 - 0% - 40%
44 Forward
1 - 0% - 60%
2 - 0% - 40%
44 Defense
1 - 0% - 55%
2 - 0% - 45%
Last Minute Offensive  - 0:28
Last Minute Defensive  - 0:00
Total
Forward - 60:00
Defense - 60:00

% Time on Ice - Oilers

Lines # - Real PCT - Wanted PCT - Time Play
Normal Forward
1 - 36% - 38% - 15:28
2 - 29% - 37% - 12:31
3 - 21% - 15% - 9:06
4 - 14% - 10% - 6:12
Normal Defense
1 - 38% - 35% - 16:30
2 - 36% - 34% - 15:23
3 - 26% - 26% - 11:12
4 - 0% - 5% - 0:12
PP Forward
1 - 50% - 50% - 3:09
2 - 50% - 50% - 3:11
PP Defense
1 - 58% - 50% - 3:40
2 - 42% - 50% - 2:40
PK Forward
1 - 53% - 50% - 5:17
2 - 47% - 50% - 4:38
PK Defense
1 - 44% - 50% - 4:20
2 - 56% - 50% - 5:35
PK3 Forward
1 - 0% - 50%
2 - 0% - 50%
PK3 Defense
1 - 0% - 50%
2 - 0% - 50%
44 Forward
1 - 0% - 50%
2 - 0% - 50%
44 Defense
1 - 0% - 50%
2 - 0% - 50%
Last Minute Offensive  - 0:00
Last Minute Defensive  - 0:28
Total
Forward - 60:00
Defense - 60:00

Play by Play

1st period


0:01 of 1st period - Josef Vasicek wins face-off versus Jonathan Toews in neutral zone.
0:52 of 1st period - Slapshot by Steve Begin.
0:52 of 1st period - Stopped by Maxime Daigneault with a rebound.
0:54 of 1st period - Wrist shot by Wayne Simmonds.
0:54 of 1st period - Shot Misses the Net.
0:56 of 1st period - Slapshot by David Hale.
0:56 of 1st period - Shot Blocked by Ryan Mcdonagh.
0:58 of 1st period - Wrist shot by Danny Richmond.
0:58 of 1st period - Shot Blocked by Chris Lawrence.
1:00 of 1st period - Slapshot by Danny Richmond.
1:00 of 1st period - Stopped by Maxime Daigneault without a rebound.
1:01 of 1st period - Eric Nystrom wins face-off versus Peter Regin in Predators zone.
1:06 of 1st period - Snap shot by Erik Rasmussen.
1:06 of 1st period - Stopped by Cam Ward without a rebound.
1:07 of 1st period - Peter Regin wins face-off versus Erik Rasmussen in Oilers zone.
1:34 of 1st period - Adam Burish is hit by Jonathan Toews and loses puck.
1:43 of 1st period - Wrist shot by Patrick Kane.
1:43 of 1st period - Shot Misses the Net.
1:45 of 1st period - Slapshot by Zach Bogosian.
1:45 of 1st period - Shot Misses the Net.
1:47 of 1st period - Snap shot by Jonathan Toews.
1:47 of 1st period - Oilers goal is going for a video replay.
1:47 of 1st period - The goal is good.
1:47 of 1st period - Goal by Jonathan Toews - Predators : 0 - Oilers : 1.
1:48 of 1st period - Paul Stastny wins face-off versus Joe Thornton in neutral zone.
2:47 of 1st period - Wrist shot by Wayne Simmonds.
2:47 of 1st period - Stopped by Maxime Daigneault with a rebound.
3:26 of 1st period - Slapshot by Joe Thornton.
3:26 of 1st period - Shot Misses the Net.
3:33 of 1st period - Icing by Ian White.
3:34 of 1st period - Peter Regin wins face-off versus Josef Vasicek in Oilers zone.
3:39 of 1st period - Slapshot by Peter Regin.
3:39 of 1st period - Shot Misses the Net.
3:44 of 1st period - Off-side.
3:45 of 1st period - Jonathan Toews wins face-off versus Josef Vasicek in neutral zone.
3:58 of 1st period - Wrist shot by Adam Burish.
3:58 of 1st period - Shot Blocked by Tomas Fleischmann.
4:00 of 1st period - Snap shot by Alexander Ovechkin.
4:00 of 1st period - Stopped by Cam Ward without a rebound.
4:01 of 1st period - Joe Thornton wins face-off versus Paul Stastny in Oilers zone.
4:04 of 1st period - Snap shot by Alexander Steen.
4:04 of 1st period - Shot Blocked by Ian White.
4:12 of 1st period - Wrist shot by Alexander Steen.
4:12 of 1st period - Stopped by Cam Ward without a rebound.
4:13 of 1st period - Josef Vasicek wins face-off versus Paul Stastny in Oilers zone.
4:20 of 1st period - Snap shot by Adam Burish.
4:20 of 1st period - Shot Blocked by Ilya Kovalchuk.
4:40 of 1st period - Ted Purcell is hit by Eric Nystrom and loses puck.
5:28 of 1st period - Snap shot by Steve Begin.
5:28 of 1st period - Shot Blocked by Andrei Markov.
5:42 of 1st period - Snap shot by Wayne Simmonds.
5:42 of 1st period - Stopped by Maxime Daigneault with a rebound.
5:44 of 1st period - Slapshot by Kurt Sauer.
5:44 of 1st period - Shot Misses the Net.
6:41 of 1st period - Backhand shot by Chris Lawrence.
6:41 of 1st period - Stopped by Cam Ward without a rebound.
6:42 of 1st period - Josef Vasicek wins face-off versus Jonathan Toews in Oilers zone.
6:51 of 1st period - Slapshot by Tomas Fleischmann.
6:51 of 1st period - Stopped by Maxime Daigneault without a rebound.
6:52 of 1st period - Josef Vasicek wins face-off versus Tomas Fleischmann in Predators zone.
6:57 of 1st period - Wrist shot by Adam Burish.
6:57 of 1st period - Stopped by Cam Ward without a rebound.
6:58 of 1st period - Joe Thornton wins face-off versus Paul Stastny in Oilers zone.
7:03 of 1st period - Snap shot by Joe Thornton.
7:03 of 1st period - Stopped by Cam Ward without a rebound.
7:04 of 1st period - Paul Stastny wins face-off versus Vaclav Varada in Oilers zone.
8:14 of 1st period - Wrist shot by James Van Riemsdyk.
8:14 of 1st period - Stopped by Cam Ward with a rebound.
8:35 of 1st period - Snap shot by Ilya Kovalchuk.
8:35 of 1st period - Stopped by Maxime Daigneault without a rebound.
8:36 of 1st period - Jonathan Toews wins face-off versus Joe Thornton in Predators zone.
8:49 of 1st period - Slapshot by Joe Thornton.
8:49 of 1st period - Stopped by Cam Ward with a rebound.
8:51 of 1st period - Slapshot by Barret Jackman.
8:51 of 1st period - Shot Blocked by Tomas Fleischmann.
8:55 of 1st period - Backhand shot by Alexander Steen.
8:55 of 1st period - Stopped by Cam Ward without a rebound.
8:56 of 1st period - Josef Vasicek wins face-off versus Ilya Kovalchuk in Oilers zone.
9:02 of 1st period - Minor Penalty to Paul Stastny for Holding.
9:03 of 1st period - Joe Thornton wins face-off versus Peter Regin in Oilers zone.
9:09 of 1st period - Snap shot by Adam Burish.
9:09 of 1st period - Shot Blocked by Rob Scuderi.
9:11 of 1st period - Slapshot by Ryan Mcdonagh.
9:11 of 1st period - Stopped by Cam Ward with a rebound.
9:13 of 1st period - Backhand shot by Ryan Mcdonagh.
9:13 of 1st period - Stopped by Cam Ward without a rebound.
9:14 of 1st period - Brian Sutherby wins face-off versus Joe Thornton in Oilers zone.
10:04 of 1st period - Danny Richmond is hit by Andrei Markov and loses puck.
11:02 of 1st period - Penalty to Paul Stastny is over, Paul Stastny is back on ice.
11:18 of 1st period - Minor Penalty to Kurt Sauer for Holding.
11:19 of 1st period - Brian Sutherby wins face-off versus Josef Vasicek in Oilers zone.
11:23 of 1st period - Off-side.
11:24 of 1st period - Brian Sutherby wins face-off versus Josef Vasicek in neutral zone.
11:43 of 1st period - Christian Ehrhoff is hit by Rob Scuderi and loses puck.
13:18 of 1st period - Penalty to Kurt Sauer is over, Kurt Sauer is back on ice.
13:23 of 1st period - Snap shot by Chris Lawrence.
13:23 of 1st period - Stopped by Cam Ward without a rebound.
13:24 of 1st period - Erik Rasmussen wins face-off versus Jonathan Toews in Oilers zone.
13:52 of 1st period - Minor Penalty to James Van Riemsdyk for Interference.
13:53 of 1st period - Jonathan Toews wins face-off versus Josef Vasicek in Predators zone.
13:56 of 1st period - Slapshot by Ian White.
13:56 of 1st period - Shot Misses the Net.
13:58 of 1st period - Wrist shot by Patrick Kane.
13:58 of 1st period - Shot Misses the Net.
14:02 of 1st period - Slapshot by Jonathan Toews.
14:02 of 1st period - Shot Misses the Net.
14:23 of 1st period - Icing by Ilya Kovalchuk.
14:24 of 1st period - Paul Stastny wins face-off versus Josef Vasicek in Oilers zone.
14:29 of 1st period - Wrist shot by Ilya Kovalchuk.
14:29 of 1st period - Shot Misses the Net.
14:31 of 1st period - Slapshot by Ian White.
14:31 of 1st period - Shot Misses the Net.
14:33 of 1st period - Slapshot by Ian White.
14:33 of 1st period - Shot Blocked by Brett Clark.
14:35 of 1st period - Slapshot by Ian White.
14:35 of 1st period - Stopped by Maxime Daigneault with a rebound.
14:37 of 1st period - Slapshot by Ilya Kovalchuk.
14:37 of 1st period - Stopped by Maxime Daigneault without a rebound.
14:38 of 1st period - Jonathan Toews wins face-off versus Josef Vasicek in Predators zone.
14:43 of 1st period - Snap shot by Patrick Kane.
14:43 of 1st period - Shot Blocked by Christian Ehrhoff.
15:03 of 1st period - Ryan Mcdonagh is hit by Danny Richmond and loses puck.
15:50 of 1st period - Ryan Mcdonagh is hit by Ian White and loses puck.
15:52 of 1st period - Penalty to James Van Riemsdyk is over, James Van Riemsdyk is back on ice.
16:01 of 1st period - Snap shot by Paul Stastny.
16:01 of 1st period - Shot Misses the Net.
16:03 of 1st period - Snap shot by Ian White.
16:03 of 1st period - Stopped by Maxime Daigneault with a rebound.
16:05 of 1st period - Snap shot by Ian White.
16:05 of 1st period - Deflect By Paul Stastny.
16:05 of 1st period - Shot Misses the Net.
16:05 of 1st period - Puck is out of play.
16:06 of 1st period - Kris Vernarsky wins face-off versus Jonathan Toews in Predators zone.
16:06 of 1st period - Kris Vernarsky is hit by Patrick Kane.
16:14 of 1st period - Snap shot by James Van Riemsdyk.
16:14 of 1st period - Stopped by Cam Ward without a rebound.
16:15 of 1st period - Jonathan Toews wins face-off versus Kris Vernarsky in Oilers zone.
17:17 of 1st period - Minor Penalty to Danny Richmond for Hooking.
17:18 of 1st period - Joe Thornton wins face-off versus Peter Regin in Oilers zone.
19:17 of 1st period - Penalty to Danny Richmond is over, Danny Richmond is back on ice.
19:20 of 1st period - Slapshot by Erik Rasmussen.
19:20 of 1st period - Shot Misses the Net.
19:26 of 1st period - Wrist shot by Erik Rasmussen.
19:26 of 1st period - Stopped by Cam Ward without a rebound.
19:27 of 1st period - Erik Rasmussen wins face-off versus Tomas Fleischmann in Oilers zone.
19:54 of 1st period - Erik Rasmussen is hit by Wayne Simmonds and loses puck.
Goals for this period are 0 for Predators vs 1 for Oilers.
Shots for this period are 14 for Predators vs 10 for Oilers.

2nd period


0:01 of 2nd period - Paul Stastny wins face-off versus Josef Vasicek in neutral zone.
0:13 of 2nd period - Off-side.
0:14 of 2nd period - Paul Stastny wins face-off versus Josef Vasicek in neutral zone.
0:23 of 2nd period - Wrist shot by Paul Stastny.
0:23 of 2nd period - Shot Blocked by Alexander Ovechkin.
0:41 of 2nd period - Wrist shot by Joe Thornton.
0:41 of 2nd period - Shot Misses the Net.
0:57 of 2nd period - John Moore is hit by Rob Scuderi and loses puck.
2:46 of 2nd period - Snap shot by Ryan Mcdonagh.
2:46 of 2nd period - Deflect By Erik Rasmussen.
2:46 of 2nd period - Shot Blocked by Kurt Sauer.
2:46 of 2nd period - Puck is out of play.
2:47 of 2nd period - Paul Stastny wins face-off versus Joe Thornton in Oilers zone.
3:12 of 2nd period - Ilya Kovalchuk is hit by Erik Rasmussen and loses puck.
3:34 of 2nd period - Tomas Fleischmann is hit by Adam Burish and loses puck.
3:40 of 2nd period - Minor Penalty to Brett Clark for Roughing.
3:41 of 2nd period - Josef Vasicek wins face-off versus Jonathan Toews in Predators zone.
3:56 of 2nd period - Wrist shot by Josef Vasicek.
3:56 of 2nd period - Stopped by Cam Ward without a rebound.
3:57 of 2nd period - Josef Vasicek wins face-off versus Paul Stastny in Oilers zone.
4:00 of 2nd period - Snap shot by Alexander Ovechkin.
4:00 of 2nd period - Shot Misses the Net.
4:25 of 2nd period - Off-side.
4:26 of 2nd period - Eric Nystrom wins face-off versus Jonathan Toews in neutral zone.
4:51 of 2nd period - Snap shot by Jonathan Toews.
4:51 of 2nd period - Shot Misses the Net.
4:53 of 2nd period - Wrist shot by Jonathan Toews.
4:53 of 2nd period - Shot Misses the Net.
5:05 of 2nd period - Snap shot by Jonathan Toews.
5:05 of 2nd period - Shot Hit the Post.
5:07 of 2nd period - Wrist shot by Jonathan Toews.
5:07 of 2nd period - Stopped by Maxime Daigneault with a rebound.
5:13 of 2nd period - Snap shot by Patrick Kane.
5:13 of 2nd period - Stopped by Maxime Daigneault without a rebound.
5:14 of 2nd period - Adam Burish wins face-off versus Paul Stastny in Predators zone.
5:31 of 2nd period - Snap shot by Ilya Kovalchuk.
5:31 of 2nd period - Stopped by Maxime Daigneault with a rebound.
5:40 of 2nd period - Penalty to Brett Clark is over, Brett Clark is back on ice.
5:51 of 2nd period - Snap shot by Alexander Ovechkin.
5:51 of 2nd period - Shot Blocked by Kurt Sauer.
5:53 of 2nd period - Slapshot by Alexander Ovechkin.
5:53 of 2nd period - Stopped by Cam Ward without a rebound.
5:54 of 2nd period - Peter Regin wins face-off versus Vaclav Varada in Oilers zone.
6:01 of 2nd period - Backhand shot by Peter Regin.
6:01 of 2nd period - Stopped by Maxime Daigneault without a rebound.
6:02 of 2nd period - Peter Regin wins face-off versus Vaclav Varada in Predators zone.
6:44 of 2nd period - Minor Penalty to John Moore for Hooking.
6:45 of 2nd period - Jonathan Toews wins face-off versus Josef Vasicek in Predators zone.
8:32 of 2nd period - Ryan Mcdonagh is hit by Ian White and loses puck.
8:44 of 2nd period - Penalty to John Moore is over, John Moore is back on ice.
9:00 of 2nd period - Snap shot by Joe Thornton.
9:00 of 2nd period - Stopped by Cam Ward without a rebound.
9:01 of 2nd period - Joe Thornton wins face-off versus Peter Regin in Oilers zone.
9:12 of 2nd period - Wrist shot by Alexander Steen.
9:12 of 2nd period - Shot Misses the Net.
9:28 of 2nd period - Wrist shot by James Van Riemsdyk.
9:28 of 2nd period - Stopped by Cam Ward without a rebound.
9:29 of 2nd period - Kris Vernarsky wins face-off versus Brian Sutherby in Oilers zone.
9:42 of 2nd period - Snap shot by James Van Riemsdyk.
9:42 of 2nd period - Stopped by Cam Ward with a rebound.
9:44 of 2nd period - Snap shot by James Van Riemsdyk.
9:44 of 2nd period - Shot Blocked by Brian Sutherby.
10:20 of 2nd period - Slapshot by Alexander Steen.
10:20 of 2nd period - Stopped by Cam Ward without a rebound.
10:21 of 2nd period - Joe Thornton wins face-off versus Jonathan Toews in Oilers zone.
10:57 of 2nd period - Ilya Kovalchuk is hit by Josef Vasicek and loses puck.
11:50 of 2nd period - Steve Begin is hit by Brett Clark.
12:06 of 2nd period - Slapshot by Ian White.
12:06 of 2nd period - Shot Blocked by Andrei Markov.
12:17 of 2nd period - Wrist shot by Joe Thornton.
12:17 of 2nd period - Stopped by Cam Ward without a rebound.
12:18 of 2nd period - Paul Stastny wins face-off versus Alexander Ovechkin in Oilers zone.
12:55 of 2nd period - Snap shot by Alexander Steen.
12:55 of 2nd period - Stopped by Cam Ward with a rebound.
12:57 of 2nd period - Slapshot by Brett Clark.
12:57 of 2nd period - Stopped by Cam Ward with a rebound.
13:07 of 2nd period - Slapshot by Peter Regin.
13:07 of 2nd period - Stopped by Maxime Daigneault with a rebound.
13:09 of 2nd period - Slapshot by Kurt Sauer.
13:09 of 2nd period - Stopped by Maxime Daigneault without a rebound.
13:10 of 2nd period - Erik Rasmussen wins face-off versus Peter Regin in Predators zone.
13:24 of 2nd period - Wrist shot by Oleg Saprykin.
13:24 of 2nd period - Shot Misses the Net.
13:26 of 2nd period - Snap shot by Oleg Saprykin.
13:26 of 2nd period - Shot Misses the Net.
13:28 of 2nd period - Snap shot by Peter Regin.
13:28 of 2nd period - Stopped by Maxime Daigneault with a rebound.
13:30 of 2nd period - Slapshot by Danny Richmond.
13:30 of 2nd period - Shot Misses the Net.
13:32 of 2nd period - Wrist shot by Peter Regin.
13:32 of 2nd period - Goal by Peter Regin - Predators : 0 - Oilers : 2.
13:33 of 2nd period - Paul Stastny wins face-off versus Josef Vasicek in neutral zone.
13:46 of 2nd period - Slapshot by Ilya Kovalchuk.
13:46 of 2nd period - Stopped by Maxime Daigneault with a rebound.
14:00 of 2nd period - Ryan Mcdonagh is hit by Ian White and loses puck.
15:33 of 2nd period - Backhand shot by Joe Thornton.
15:33 of 2nd period - Shot Misses the Net.
15:43 of 2nd period - Ryan Mcdonagh is hit by Danny Richmond and loses puck.
16:12 of 2nd period - Snap shot by Eric Nystrom.
16:12 of 2nd period - Shot Blocked by Brian Sutherby.
16:49 of 2nd period - Joe Thornton is hit by Tomas Fleischmann.
18:37 of 2nd period - Slapshot by Ian White.
18:37 of 2nd period - Stopped by Maxime Daigneault with a rebound.
18:39 of 2nd period - Snap shot by Ian White.
18:39 of 2nd period - Stopped by Maxime Daigneault with a rebound.
18:41 of 2nd period - Snap shot by Brian Sutherby.
18:41 of 2nd period - Shot Blocked by Josef Vasicek.
18:43 of 2nd period - Wrist shot by Brian Sutherby.
18:43 of 2nd period - Stopped by Maxime Daigneault with a rebound.
18:45 of 2nd period - Wrist shot by Wayne Simmonds.
18:45 of 2nd period - Deflect By Brian Sutherby.
18:45 of 2nd period - Shot Misses the Net.
18:45 of 2nd period - Puck is out of play.
18:46 of 2nd period - Paul Stastny wins face-off versus Joe Thornton in Predators zone.
18:47 of 2nd period - Snap shot by Ted Purcell.
18:47 of 2nd period - Shot Blocked by Barret Jackman.
18:49 of 2nd period - Slapshot by Ian White.
18:49 of 2nd period - Stopped by Maxime Daigneault with a rebound.
18:55 of 2nd period - Wrist shot by Ted Purcell.
18:55 of 2nd period - Stopped by Maxime Daigneault with a rebound.
19:13 of 2nd period - Patrick Kane is hit by Andrei Markov and loses puck.
19:18 of 2nd period - Wrist shot by Kris Vernarsky.
19:18 of 2nd period - Deflect By Chris Lawrence.
19:18 of 2nd period - Stopped by Cam Ward with a rebound.
19:20 of 2nd period - Snap shot by Kris Vernarsky.
19:20 of 2nd period - Stopped by Cam Ward with a rebound.
19:39 of 2nd period - Rob Scuderi is hit by Adam Burish and loses puck.
Goals for this period are 0 for Predators vs 1 for Oilers.
Shots for this period are 11 for Predators vs 14 for Oilers.

3rd period


0:01 of 3rd period - Josef Vasicek wins face-off versus Paul Stastny in neutral zone.
0:16 of 3rd period - Slapshot by Ilya Kovalchuk.
0:16 of 3rd period - Shot Misses the Net.
1:11 of 3rd period - Snap shot by Josef Vasicek.
1:11 of 3rd period - Stopped by Cam Ward with a rebound.
1:25 of 3rd period - Slapshot by Ryan Mcdonagh.
1:25 of 3rd period - Shot Blocked by Zach Bogosian.
1:39 of 3rd period - Alexander Steen is hit by Paul Stastny.
1:49 of 3rd period - Patrick Kane is hit by Andrei Markov and loses puck.
2:00 of 3rd period - Snap shot by Chris Lawrence.
2:00 of 3rd period - Shot Blocked by Jonathan Toews.
2:29 of 3rd period - Andrei Markov is hit by Patrick Kaleta and loses puck.
4:04 of 3rd period - Slapshot by Zach Bogosian.
4:04 of 3rd period - Deflect By Patrick Kane.
4:04 of 3rd period - Shot Misses the Net.
4:04 of 3rd period - Puck is out of play.
4:05 of 3rd period - Jonathan Toews wins face-off versus Kris Vernarsky in Predators zone.
4:22 of 3rd period - Tomas Fleischmann is hit by James Van Riemsdyk and loses puck.
4:31 of 3rd period - Chris Lawrence is hit by Danny Richmond and loses puck.
5:34 of 3rd period - Snap shot by Patrick Kane.
5:34 of 3rd period - Deflect By Ryan Mcdonagh.
5:34 of 3rd period - Shot Misses the Net.
5:34 of 3rd period - Puck is out of play.
5:35 of 3rd period - Josef Vasicek wins face-off versus Ilya Kovalchuk in Predators zone.
6:12 of 3rd period - Snap shot by Erik Rasmussen.
6:12 of 3rd period - Goal by Erik Rasmussen - Predators : 1 - Oilers : 2.
6:13 of 3rd period - Peter Regin wins face-off versus Josef Vasicek in neutral zone.
6:15 of 3rd period - Minor Penalty to Peter Regin for High sticking.
6:16 of 3rd period - Brian Sutherby wins face-off versus Joe Thornton in Oilers zone.
6:42 of 3rd period - Alexander Steen is hit by Ian White.
6:48 of 3rd period - Slapshot by Alexander Steen.
6:48 of 3rd period - Shot Misses the Net.
6:50 of 3rd period - Snap shot by Brett Clark.
6:50 of 3rd period - Deflect By Alexander Steen.
6:50 of 3rd period - Shot Misses the Net.
6:50 of 3rd period - Puck is out of play.
6:51 of 3rd period - Joe Thornton wins face-off versus Brian Sutherby in Oilers zone.
7:18 of 3rd period - Brett Clark is hit by Kurt Sauer and loses puck.
7:47 of 3rd period - Danny Richmond is hit by Brett Clark.
8:00 of 3rd period - Icing by Christian Ehrhoff.
8:01 of 3rd period - Josef Vasicek wins face-off versus Brian Sutherby in Predators zone.
8:13 of 3rd period - Off-side.
8:14 of 3rd period - Brian Sutherby wins face-off versus Joe Thornton in neutral zone.
8:15 of 3rd period - Penalty to Peter Regin is over, Peter Regin is back on ice.
8:27 of 3rd period - Snap shot by Brian Sutherby.
8:27 of 3rd period - Stopped by Maxime Daigneault without a rebound.
8:28 of 3rd period - Patrick Kane wins face-off versus Josef Vasicek in Predators zone.
8:33 of 3rd period - Snap shot by Patrick Kane.
8:33 of 3rd period - Shot Misses the Net.
8:38 of 3rd period - Rob Scuderi is hit by Christian Ehrhoff and loses puck.
9:22 of 3rd period - Eric Nystrom is hit by Oleg Saprykin.
10:35 of 3rd period - Minor Penalty to Ted Purcell for Roughing.
10:36 of 3rd period - Brian Sutherby wins face-off versus Joe Thornton in Oilers zone.
11:02 of 3rd period - Oleg Saprykin is hit by Christian Ehrhoff and loses puck.
12:35 of 3rd period - Penalty to Ted Purcell is over, Ted Purcell is back on ice.
12:50 of 3rd period - Ian White is hit by Erik Rasmussen and loses puck.
13:01 of 3rd period - John Moore is hit by Patrick Kane.
13:38 of 3rd period - Christian Ehrhoff is hit by Brian Sutherby and loses puck.
14:32 of 3rd period - Ilya Kovalchuk is hit by John Moore and loses puck.
14:46 of 3rd period - Icing by Brett Clark.
14:47 of 3rd period - Jonathan Toews wins face-off versus Erik Rasmussen in Predators zone.
15:03 of 3rd period - Snap shot by Ian White.
15:03 of 3rd period - Shot Misses the Net.
15:17 of 3rd period - Erik Rasmussen is hit by Oleg Saprykin.
15:21 of 3rd period - Snap shot by Brett Clark.
15:21 of 3rd period - Stopped by Cam Ward with a rebound.
15:37 of 3rd period - Wrist shot by Adam Burish.
15:37 of 3rd period - Stopped by Cam Ward without a rebound.
15:38 of 3rd period - Jonathan Toews wins face-off versus Adam Burish in Oilers zone.
15:45 of 3rd period - Snap shot by Patrick Kane.
15:45 of 3rd period - Shot Hit the Post.
15:47 of 3rd period - Wrist shot by Jonathan Toews.
15:47 of 3rd period - Shot Blocked by Adam Burish.
16:10 of 3rd period - Slapshot by Joe Thornton.
16:10 of 3rd period - Deflect By Paul Stastny.
16:10 of 3rd period - Shot Misses the Net.
16:10 of 3rd period - Puck is out of play.
16:11 of 3rd period - Paul Stastny wins face-off versus Joe Thornton in Oilers zone.
16:19 of 3rd period - Icing by Danny Richmond.
16:20 of 3rd period - Paul Stastny wins face-off versus Joe Thornton in Oilers zone.
16:28 of 3rd period - Slapshot by Ilya Kovalchuk.
16:28 of 3rd period - Stopped by Maxime Daigneault with a rebound.
16:32 of 3rd period - Wrist shot by Paul Stastny.
16:32 of 3rd period - Stopped by Maxime Daigneault without a rebound.
16:33 of 3rd period - Josef Vasicek wins face-off versus Jonathan Toews in Predators zone.
16:33 of 3rd period - Josef Vasicek is hit by Tomas Fleischmann.
17:03 of 3rd period - Snap shot by Alexander Steen.
17:03 of 3rd period - Stopped by Cam Ward with a rebound.
17:05 of 3rd period - Slapshot by Ryan Mcdonagh.
17:05 of 3rd period - Deflect By Ilya Kovalchuk.
17:05 of 3rd period - Stopped by Cam Ward with a rebound.
17:07 of 3rd period - Slapshot by Christian Ehrhoff.
17:07 of 3rd period - Shot Misses the Net.
17:09 of 3rd period - Wrist shot by Joe Thornton.
17:09 of 3rd period - Stopped by Cam Ward without a rebound.
17:10 of 3rd period - Josef Vasicek wins face-off versus Jonathan Toews in Oilers zone.
17:11 of 3rd period - Wrist shot by Alexander Ovechkin.
17:11 of 3rd period - Shot Misses the Net.
17:13 of 3rd period - Slapshot by Brett Clark.
17:13 of 3rd period - Stopped by Cam Ward with a rebound.
17:15 of 3rd period - Wrist shot by Adam Burish.
17:15 of 3rd period - Shot Misses the Net.
17:17 of 3rd period - Snap shot by Adam Burish.
17:17 of 3rd period - Stopped by Cam Ward with a rebound.
17:19 of 3rd period - Wrist shot by Josef Vasicek.
17:19 of 3rd period - Shot Blocked by Ian White.
17:21 of 3rd period - Snap shot by Josef Vasicek.
17:21 of 3rd period - Shot Misses the Net.
17:23 of 3rd period - Backhand shot by Brett Clark.
17:23 of 3rd period - Shot Blocked by Tomas Fleischmann.
17:45 of 3rd period - Snap shot by Alexander Steen.
17:45 of 3rd period - Shot Misses the Net.
18:07 of 3rd period - Predators, Maxime Daigneault is pulled from the net.
18:46 of 3rd period - Snap shot by Paul Stastny.
18:46 of 3rd period - Deflect By Ilya Kovalchuk.
18:46 of 3rd period - Shot Blocked by Christian Ehrhoff.
18:46 of 3rd period - Puck is out of play.
18:47 of 3rd period - Bob Hartley call a timeout for Predators.
18:47 of 3rd period - Maxime Daigneault from Predators was sent back in the game.
18:47 of 3rd period - Joe Thornton wins face-off versus Jonathan Toews in Predators zone.
18:54 of 3rd period - Predators, Maxime Daigneault is pulled from the net.
19:14 of 3rd period - Slapshot by Zach Bogosian.
19:14 of 3rd period - Goal by Zach Bogosian - Predators : 1 - Oilers : 3.
19:14 of 3rd period - Maxime Daigneault from Predators was sent back in the game.
19:15 of 3rd period - Peter Regin wins face-off versus Joe Thornton in neutral zone.
19:36 of 3rd period - Minor Penalty to Joe Thornton for Interference.
19:37 of 3rd period - Patrick Kane wins face-off versus Josef Vasicek in Predators zone.
19:46 of 3rd period - Slapshot by Patrick Kane.
19:46 of 3rd period - Stopped by Maxime Daigneault with a rebound.
Goals for this period are 1 for Predators vs 1 for Oilers.
Shots for this period are 9 for Predators vs 5 for Oilers.